 Dungeon Crawl Stone Soup version 0.28-a0-1429-gf3d713df7a (webtiles) character file.

Game seed: 64966956481422157

177 leviel the Skirmisher (level 5, -13/47 HPs)
             Began as a Hill Orc Fighter on Jan 8, 2022.
             Mangled by an ogre (22 damage)
             ... on level 3 of the Dungeon.
             The game lasted 00:02:32 (2292 turns).

leviel the Skirmisher (Hill Orc Fighter)            Turns: 2292, Time: 00:02:33

Health: -13/47     AC:  9    Str: 19    XL:     5   Next: 57%
Magic:  5/5        EV:  9    Int: 16    God:
Gold:   136        SH:  4    Dex: 10    Spells: 4/4 levels left

rFire   . . .      SeeInvis .   a - +1 war axe
rCold   . . .      Faith    .   c - +0 buckler
rNeg    . . .      Spirit   .   b - +1 scale mail
rPois   .          Reflect  .   (no helmet)
rElec   .          Harm     .   e - +0 cloak
rCorr   .          Rampage  .   (no gloves)
Will    .....                   (no boots)
Stlth   ..........              (no amulet)
HPRegen 0.15/turn               f - +6 ring of intelligence
MPRegen 0.09/turn               (no ring)

@: no status effects
A: no striking features
a: no special abilities


You were on level 3 of the Dungeon.
You visited 1 branch of the dungeon, and saw 4 of its levels.

You collected 136 gold pieces.

Inventory:

Hand Weapons
 a - a +1 war axe (weapon)
Missiles
 d - a throwing net (quivered)
 m - 14 poisoned darts
 p - 2 atropa-tipped darts
Armour
 b - a +1 scale mail (worn)
 c - a +0 buckler (worn)
 e - a +0 cloak (worn)
Jewellery
 f - a +6 ring of intelligence (left hand)
Wands
 h - a wand of charming (4)
Scrolls
 g - 2 scrolls of teleportation
 k - 3 scrolls of enchant armour {@r2}
 l - 3 scrolls of identify {unknown}
 o - a scroll of amnesia {unknown}
Potions
 i - a potion of ambrosia {unknown}
 j - 2 potions of curing {unknown}
 n - a potion of lignification {unknown}


   Skills:
 + Level 4.7 Fighting
 + Level 4.4 Axes
 + Level 0.0 Throwing
 + Level 4.3 Armour
 - Level 4.3 Shields


You had 4 spell levels left.
You didn't know any spells.
Your spell library contained the following spells:

 Spells                   Type           Power      Damage    Failure   Level
 Animate Skeleton         Necr           0%         N/A       67%         1
 Apportation              Tloc           0%         N/A       67%         1
 Shock                    Conj/Air       0%         1d3       67%         1
 Summon Small Mammal      Summ           0%         N/A       67%         1
 Ozocubu's Armour         Ice            0%         N/A       96%         3
 Swiftness                Air            0%         N/A       96%         3
 Airstrike                Air            0%         N/A       100%        4
 Ozocubu's Refrigeration  Ice            0%         4d5       100%        7


Dungeon Overview and Level Annotations

Branches:
Dungeon (4/15)
 Temple: D:4-7

Altars:
Dithmenos


Message History

A goblin comes into view. It is wielding a +0 club.
An ogre comes into view. It is wielding a +0 giant spiked club.
Aiming: Charm
Press: ? - help, Shift-Dir - straight line, f - ogre
Aim: an ogre, wielding a +0 giant spiked club (wandering, hasn't noticed you, chance to affect: 49%)
The orc struggles to resist.
The ogre shouts!
You block the ball python's attack. The ball python grabs you.
The ball python constricts you.
The ball python's grasp on you weakens, but your attempt to escape fails.
The ball python bites you but does no damage.
The ball python constricts you.
You escape the ball python's grasp.
The ball python barely misses you. The ball python grabs you.
The ball python constricts you.
You escape the ball python's grasp.
There is a stone staircase leading up here.
The ball python barely misses you. The ball python closely misses you.
You hit the ball python.
The ball python is heavily wounded.
The ball python bites you but does no damage.
The ball python grabs you. The ball python constricts you.
You hit the ball python.
You kill the ball python!
The endoplasm freezes you.
You are frozen.
You slash the endoplasm!
You kill the endoplasm!
The ogre hits you with a +0 giant spiked club.
You climb upwards.
There is a stone staircase leading down here.
You hit the ogre.
The ogre is lightly wounded.
The ogre hits you with a +0 giant spiked club!!
Ouch! That really hurt!
* * * LOW HITPOINT WARNING * * *
You slash the ogre!
The ogre is heavily wounded.
The ogre hits you with a +0 giant spiked club!!
You die...

.....#.# #.....#
#....... .....#.#
#.....# #.......
.....#.######[....####
#.......
.....)....##.........#
####.#..
######.##.##.........#
#.#..
#.....#.##.........#
#....
#.##..#.##.........#
#...#
###.##..#.##...O.....#
#..##
....##..#.######@#####
#...# ######..#.# #.#
#.... ........#.# #.#
#.... #######.#.# #.#
###.. ........#.# #.#
#.. #######.#.# #.#
#.. ######.# #.# #..
#......# #.# ###
#.###### #.#


You could see an ogre.

Vanquished Creatures
  A scorpion (D:2)
  A bullfrog skeleton (D:3)
  3 adders
  A worm (D:2)
  4 dart slugs
  8 bats
  5 endoplasms
  2 giant cockroaches (D:1)
  3 goblins
  3 hobgoblins
  3 jackals (D:2)
  4 kobolds
  3 quokkas
  5 ball pythons
  3 frilled lizards
  6 rats
55 creatures vanquished.

Notes
Turn   | Place    | Note
-------+----------+-------------------------------------------
     0 | D:1      | leviel the Hill Orc Fighter began the quest for the Orb.
     0 | D:1      | Reached XP level 1. HP: 19/19 MP: 1/1
   191 | D:1      | Reached XP level 2. HP: 25/27 MP: 2/2
   613 | D:1      | Found a faded altar of an unknown god.
   803 | D:1      | Reached XP level 3. HP: 30/33 MP: 3/3
  1026 | D:2      | Noticed a scorpion
  1037 | D:2      | Killed a scorpion
  1038 | D:2      | Reached XP level 4. HP: 28/41 MP: 4/4
  1250 | D:2      | Reached XP level 5. HP: 47/47 MP: 5/5
  2140 | D:3      | Found a shadowy altar of Dithmenos.
  2269 | D:4      | Noticed an ogre
  2270 | D:4      | Noticed an ogre
  2292 | D:3      | Mangled by an ogre

Illustrated notes

Levels and vault maps discovered:
D:1:      lightli_arrival_chessboard, layout_basic,
          ebering_ecumenical_altar_ruins
D:2:      layout_rooms
D:3:      minmay_angry_zag, layout_basic, nicolae_dithmenos_shadow_blocks
D:4:      layout_basic, minmay_temple_entry_crystal_x,
          gammafunk_ghost_stat_death, minmay_bisected, uniq_eustachio

Skill      XL: |  1  2  3 |
---------------+----------+-----
Axes           | 3 4 |  4.4
Fighting       | 4 |  4.7
Armour         | 4 |  4.3
Shields        | 4 |  4.3

Action                   |  1- 3 |  4- 6 || total
-------------------------+-------+-------++-------
Melee: War axe           |    68 |    77 ||   145
Evoke: Wand              |       |     1 ||     1
  Use: Scroll            |     4 |       ||     4
       Potion            |     1 |       ||     1
Armor: Scale mail        |    42 |    37 ||    79
Dodge: Dodged            |    32 |    29 ||    61
Block: Buckler           |    28 |    15 ||    43

Table legend: (Time is in decaauts)
 A = Elapsed time spent in this place.
 B = Non-inter-level travel time spent in this place.
 C = Inter-level travel time spent in this place.
 D = Time resting spent in this place.
 E = Time spent auto-exploring this place.
 F = Levels seen in this place.
 G = Mean time per level.
                   A        B        C        D        E       F      G
               +--------+--------+--------+--------+--------+-----+--------+
         Total |   2343 |   2263 |     80 |      0 |   1851 |   4 |  585.8 |
       Dungeon |   2343 |   2263 |     80 |      0 |   1851 |   4 |  585.8 |
               +--------+--------+--------+--------+--------+-----+--------+

Top non-repeatable levels by time:
     D:1: 897 daAuts
     D:3: 804 daAuts
     D:2: 601 daAuts
     D:4: 40 daAuts
